 Dungeon Crawl Stone Soup version 0.30-b1-2-g02819fbbbe (webtiles) character file.

Game seed: 10834185273725268337

10 Alarkh the Charlatan (level 2, 22/22 HPs)
             Began as a Demonspawn Artificer on Nov 22, 2023.
             Got out of the dungeon alive.
             The game lasted 00:00:36 (162 turns).

Alarkh the Charlatan (Demonspawn Artificer)          Turns: 162, Time: 00:00:37

Health: 22/22      AC:  3    Str: 12    XL:     2   Next: 10%
Magic:  2/2        EV: 11    Int: 12    God:
Gold:   30         SH:  0    Dex: 13    Spells: 1/1 levels left

rFire   . . .        a - +0 club
rCold   . . .        (no shield)
rNeg    . . .        b - +0 leather armour
rPois   .            (no helmet)
rElec   .            (no cloak)
rCorr   .            (no gloves)
SInv    .            (no boots)
Will    .....        (no amulet)
Stlth   +            (no ring)
HPRegen 0.23/turn    (no ring)
MPRegen 0.08/turn

%: no passive effects
@: no status effects
A: foul stench 1
a: no special abilities


You escaped.
You visited 1 branch of the dungeon, and saw 1 of its levels.

You collected 30 gold pieces.

Inventory:

Hand Weapons
 a - a +0 club (weapon)
Armour
 b - a +0 leather armour (worn)
Wands
 c - a wand of flame (15) (quivered)
 d - a wand of charming (15)
 e - a wand of iceblast (5)
Scrolls
 f - a scroll of fear {unknown}
Potions
 g - a potion of curing {unknown}


   Skills:
 + Level 2.2 Fighting
 - Level 1.7 Armour
 - Level 0.8 Dodging
 - Level 0.8 Stealth
 - Level 3.0 Evocations


You had one spell level left.
You didn't know any spells.
Your spell library was empty.

Dungeon Overview and Level Annotations

Branches:
Dungeon (1/15)

Altars:


Innate Abilities, Weirdness & Mutations

You may rarely emit foul miasma when damaged in melee.


Message History

You hit the bat.
You kill the bat!
The bat barely misses you.
Your Fighting skill increases to level 2!
You barely miss the bat.
The bat is moderately wounded.
The bat hits you but does no damage. The bat closely misses you.
You hit the bat but do no damage.
The bat is moderately wounded.
The bat closely misses you. The bat misses you.
You hit the bat.
You kill the bat!
You have reached level 2!
Your demonic ancestry asserts itself...
You begin to emit a foul stench of rot and decay.
A kobold comes into view. It is wielding a +0 club.
A kobold is nearby!
The kobold shouts!
You closely miss the kobold. The kobold closely misses you.
You closely miss the kobold. The kobold closely misses you.
The kobold barely misses you.
You miss the kobold. The kobold hits you with a +0 club.
You closely miss the kobold. The kobold hits you with a +0 club.
You hit the kobold but do no damage. The kobold hits you with a +0 club.
The kobold completely misses you.
You barely miss the kobold. The kobold closely misses you.
You hit the kobold.
The kobold is heavily wounded.
The kobold barely misses you.
You barely miss the kobold.
The kobold is heavily wounded.
The kobold barely misses you.
You hit the kobold.
You kill the kobold!
Things that are here:
a +0 club; a kobold corpse HP restored.
There is a staircase leading out of the dungeon here.
Are you sure you want to leave the Dungeon?
This will make you lose the game!
You have escaped!

##.# #.......†##.#.#
#.######.#...#.##.#.#
#...................#
#.#..♣♣♣♣♣♣♣♣♣....###
#.##.♣PP..PP..♣.#.#
#.##.♣PP..P...♣.#.#
#.##.♣..PP...P♣.#.#
#....♣..P...PP♣...#
.###.♣PP.@.P..♣..## #
#.♣P...PP..♣.##
#.♣...P..PP♣.#
#.♣..PP..PP♣.#
#..♣♣♣♣♣♣♣♣♣.#
#............#
######...#####
#####...#####.#
..>............#


There were no monsters in sight!

Vanquished Creatures
  A ball python (D:1)
  2 bats (D:1)
  An endoplasm (D:1)
  A giant cockroach (D:1)
  A kobold (D:1)
  A frilled lizard (D:1)
  2 rats (D:1)
9 creatures vanquished.

Notes
Turn   | Place    | Note
-------+----------+-------------------------------------------
     0 | D:1      | Alarkh the Demonspawn Artificer began the quest for the
                  | Orb.
     0 | D:1      | Reached XP level 1. HP: 15/15 MP: 1/1
   115 | D:1      | Gained mutation: You may rarely emit foul miasma when
                  | damaged in melee. [demonic ancestry]
   115 | D:1      | Reached XP level 2. HP: 22/22 MP: 2/2
   162 | D:$      | Got out of the dungeon alive.

Illustrated notes

Levels and vault maps discovered:
D:1:      scummos_arrival_checkerplants, layout_loops_cross, amethyst_killhole

Skill      XL: |  1 |
---------------+----+-----
Fighting       | 2 |  2.2
Armour         | |  1.7
Dodging        | |  0.8
Stealth        | |  0.8
Evocations     | |  3.0

Action                     || total
---------------------------++-------
  Melee: Club              ||    34
         Punch             ||     1
 Armour: Leather armour    ||    13
  Dodge: Dodged            ||    28
